 Dungeon Crawl Stone Soup version 0.27-a0-1181-g5f64966fcc (webtiles) character file.

Game seed: 8692298395876508793

2555 freelancePsychic the Skirmisher (level 9, -11/80 HPs)
             Began as a Grey Draconian Fire Elementalist on May 18, 2021.
             Was a High Priest of Jiyva.
             Succumbed to a water moccasin's poison
             ... on level 8 of the Dungeon.
             The game lasted 00:22:38 (8056 turns).

freelancePsychic the Skirmisher (DrFE)              Turns: 8056, Time: 00:22:38

Health: -11/80     AC: 12    Str:  9    XL:     9   Next: 31%
Magic:  8/15       EV: 12    Int: 22    God:    Jiyva [*****.]
Gold:   76         SH:  0    Dex: 18    Spells: 6/16 levels left

rFire    + . .     SeeInvis .   i - +7 halberd (freeze)
rCold    . . .     Faith    .   (shield currently unavailable)
rNeg     . . .     Spirit   .   (armour unavailable)
rPois    .         Reflect  .   (helmet restricted)
rElec    .         Harm     .   (no cloak)
rCorr    +         Rampage  .   (no gloves)
Will     .....                  (no boots)
Stlth    +++.......             k - amulet of magic regeneration
HPRegen  0.23/turn              h - +6 ring of strength
MPRegen  0.39/turn              (no ring)

@: lethally poisoned (-11 -> -50)
A: AC +12, amphibious, unfitting armour, cold-blooded, agile 1, fire resistance
1, translucent skin 1
a: Renounce Religion, Request Jelly, Slimify, Cure Bad Mutation


You were on level 8 of the Dungeon.
You worshipped Jiyva.
Jiyva was extremely pleased with you.
You visited 1 branch of the dungeon, and saw 8 of its levels.

You collected 76 gold pieces.

Inventory:

Hand Weapons
 a - a +0 dagger of venom
 i - a +7 halberd of freezing (weapon)
Missiles
 o - a curare-tipped dart
Armour
 g - a +0 tower shield
Jewellery
 e - a ring of protection from fire
 h - a +6 ring of strength (left hand)
 j - a ring of fire
 k - an amulet of magic regeneration (around neck)
Wands
 n - a wand of digging (6)
 q - a wand of mindburst (12)
Scrolls
 l - 2 scrolls of fog {unknown}
 m - a scroll of identify {@r1}
 p - a scroll of vulnerability {unknown}
 s - a scroll of noise {unknown}
Potions
 b - a potion of flight {unknown}
 c - 2 potions of degeneration


   Skills:
 + Level 7.7 Fighting
 - Level 2.4 Short Blades
 - Level 5.3 Polearms
 - Level 1.8 Dodging
 - Level 1.8 Stealth
 - Level 4.0 Spellcasting
 + Level 4.8 Conjurations
 + Level 6.4 Fire Magic


You had 6 spell levels left.
You knew the following spells:

 Your Spells              Type           Power      Damage    Failure   Level
a - Foxfire               Conj/Fire      100%       2x1d9     1%          1
b - Sticky Flame          Conj/Fire      29%        2d5       11%         4
c - Fireball              Conj/Fire      14%        3d8       30%         5

Your spell library contained the following spells:

 Spells                   Type           Power      Damage    Failure   Level
 Conjure Flame            Conj/Fire      29%        6-21      3%          3
 Inner Flame              Hex/Fire       18%        N/A       9%          3
 Animate Skeleton         Necr           8%         N/A       11%         1
 Pain                     Necr           16%        1d4       11%         1
 Vampiric Draining        Necr           2%         2d6       32%         3
 Animate Dead             Necr           2%         N/A       73%         4
 Agony                    Necr           4%         N/A       97%         5


Dungeon Overview and Level Annotations

Branches:
Dungeon (8/15)             Temple (0/1) D:5
   Lair: D:8-11

Altars:
Jiyva

Shops:
D:6 *


Innate Abilities, Weirdness & Mutations

Your dull iron-grey scales are very hard. (AC +12)
You are amphibious.
You cannot fit into any form of body armour.
You are cold-blooded and may be slowed by cold attacks.
You are agile. (Dex +2)
Your flesh is heat resistant. (rF+)
Your translucent skin slightly reduces your foes' accuracy. (Stealth+)


Message History

You feel as though you will be slow longer.
The water moccasin bites you but does no damage.
A centaur comes into view.
You feel much better.
You feel extremely sick.
The cyan ugly thing burns!
The foxfire hits the water moccasin.
The water moccasin is almost dead.
The water moccasin bites you.
You are more poisoned.
The water moccasin poisons you!
The cyan ugly thing pecks you but does no damage.
The water moccasin closely misses you. The cyan ugly thing barely misses you.
The black bear closely misses you. The black bear claws you.
* * * LOW HITPOINT WARNING * * *
The black bear claws you but does no damage.
It was a potion of brilliance.
You feel clever all of a sudden.
* * * LOW HITPOINT WARNING * * *
You feel extremely sick.
The cyan ugly thing burns!
The cyan ugly thing stops burning.
The water moccasin bites you.
* * * LOW HITPOINT WARNING * * *
The centaur misses you.
The centaur kicks you but does no damage.
The cyan ugly thing misses you. The black bear barely misses you.
The black bear closely misses you.
The black bear claws you but does no damage.
The kobold brigand hits you with a +0 whip.
* * * LOW HITPOINT WARNING * * *
The water moccasin bites you.
* * * LOW HITPOINT WARNING * * *
You are more poisoned.
The water moccasin poisons you!
The centaur hits you but does no damage.
The centaur kicks you but does no damage.
It was a potion of cancellation.
Your magical effects are unravelling.
You feel magically purged.
You feel yourself speed up.
You feel a little less clever now.
You die...

## #####
######.## #...
.......S###.###.#
####...@u#.......
......cKh...#
............#
#####...###.#
#..####.# #
..........#
.####.
...#....#..#
(.....
...#.#.h###.##
#####. ..# ..#.##
... #


You could see a cyan ugly thing, a water moccasin, a black bear, a kobold
brigand and a centaur.

Vanquished Creatures
  2 steam dragons
  2 ice beasts
  A necrophage (D:4)
  An orc warrior (D:8)
  2 black bears (D:7)
  2 ogres
  4 kobold brigands
  Blork the orc (D:5)
  A bullfrog (D:7)
  A gnoll sergeant (D:8)
  A water moccasin zombie (D:6)
  A water moccasin skeleton (D:4)
  3 killer bees (D:7)
  8 wights
  A howler monkey (D:7)
  A hound (D:4)
  3 orc priests
  A centaur skeleton (D:7)
  A bullfrog skeleton (D:6)
  Natasha (twice) (D:3)
  An orc wizard (D:3)
  4 iguanas
  A hound skeleton (D:4)
  6 adders
  2 gnolls (D:3)
  2 shadow imps (D:6)
  3 white imps
  An ufetubus (D:4)
  2 dart slugs
  8 orcs
  3 endoplasms (D:1)
  2 giant cockroaches
  9 goblins
  5 hobgoblins
  A jackal (D:2)
  22 kobolds
  4 quokkas
  4 ball pythons
  9 bats
  A frilled lizard (D:1)
  5 rats
134 creatures vanquished.

Vanquished Creatures (collateral kills)
  A foxfire (D:7)
1 creature vanquished.

Vanquished Creatures (others)
  A slime creature (D:8)
  Prince Ribbit (D:6)
  A necrophage (D:6)
  A bullfrog (D:6)
  A scorpion (D:5)
  2 wights (D:5)
  A centaur zombie (D:8)
  24 jellies
  A hound (D:4)
  4 orc priests (D:5)
  A bullfrog skeleton (D:5)
  An iguana (D:6)
  6 gnolls
  3 adders
  A white imp (D:5)
  A worm (D:5)
  8 orcs
  A ball python (D:3)
  3 endoplasms
  A goblin (D:2)
  3 hobgoblins
  5 jackals
  2 kobolds (D:2)
  A quokka (D:5)
  A frilled lizard (D:2)
  2 rats
  301 foxfires
  8 plants (D:5)
386 creatures vanquished.

Grand Total: 521 creatures vanquished

Notes
Turn   | Place    | Note
-------+----------+-------------------------------------------
     0 | D:1      | freelancePsychic the Draconian Fire Elementalist began the
                  | quest for the Orb.
     0 | D:1      | Reached XP level 1. HP: 14/14 MP: 3/3
    82 | D:1      | Reached XP level 2. HP: 22/22 MP: 3/5
   324 | D:1      | Reached skill level 1 in Short Blades
   712 | D:1      | Reached skill level 1 in Fighting
   923 | D:1      | Found a faded altar of an unknown god.
   928 | D:1      | Became a worshipper of Jiyva Joivunir the Shapeless
   928 | D:1      | Reached * piety under Jiyva
  1311 | D:2      | Reached XP level 3. HP: 28/28 MP: 6/6
  1452 | D:2      | Reached ** piety under Jiyva
  1773 | D:2      | Reached XP level 4. HP: 36/36 MP: 7/7
  2323 | D:3      | Reached skill level 2 in Fighting
  2401 | D:3      | Noticed Natasha
  2417 | D:3      | Killed Natasha
  2781 | D:3      | Noticed Natasha
  2862 | D:3      | Killed Natasha
  2863 | D:3      | Reached XP level 5. HP: 40/42 MP: 9/9
  3332 | D:4      | Reached skill level 3 in Fighting
  3421 | D:4      | Noticed a necrophage
  3452 | D:4      | Killed a necrophage
  3453 | D:4      | Reached XP level 6. HP: 51/51 MP: 1/11
  3458 | D:4      | Learned a level 4 spell: Sticky Flame
  4085 | D:5      | Entered Level 5 of the Dungeon
  4164 | D:5      | Reached *** piety under Jiyva
  4280 | D:5      | Gained mutation: Your flesh is heat resistant. (rF+)
                  | [Jiyva's grace]
  4295 | D:5      | Reached skill level 4 in Fighting
  4295 | D:5      | Your scales start taking on a dull iron-grey colour.
  4295 | D:5      | Reached XP level 7. HP: 15/59 MP: 7/13
  4392 | D:5      | Reached **** piety under Jiyva
  4994 | D:5      | Found a staircase to the Ecumenical Temple.
  5119 | D:5      | Noticed Blork the orc
  5140 | D:5      | Killed Blork the orc
  5473 | D:6      | Reached skill level 5 in Fire Magic
  5623 | D:6      | Gained mutation: You are agile. (Dex +2) [Jiyva's grace]
  5624 | D:6      | Reached skill level 5 in Fighting
  5911 | D:6      | Killed Prince Ribbit
  6264 | D:6      | Found Leroeron's General Store.
  6274 | D:6      | Reached XP level 8. HP: 69/69 MP: 10/14
  6524 | D:6      | Learned a level 5 spell: Fireball
  6662 | D:7      | Reached skill level 1 in Polearms
  6676 | D:7      | Reached skill level 6 in Fighting
  7402 | D:7      | Reached ***** piety under Jiyva
  7402 | D:7      | Gained mutation: Your translucent skin slightly reduces
                  | your foes' accuracy. (Stealth+) [Jiyva's grace]
  7439 | D:7      | Reached skill level 7 in Fighting
  7462 | D:7      | Reached skill level 5 in Polearms
  7462 | D:7      | Reached XP level 9. HP: 70/79 MP: 10/15
  7895 | D:8      | Noticed a skeletal warrior
  8040 | D:8      | Noticed a cyan ugly thing
  8055 | D:8      | HP: 2/80 [kobold brigand/+0 whip (6)]
  8056 | D:8      | Succumbed to a water moccasin's poison

Illustrated notes

Levels and vault maps discovered:
D:1:      lightli_arrival_isolated_outpost, layout_basic,
          ebering_ecumenical_altar_abandoned
D:2:      layout_basic, minmay_misc_feat_ornament, grunt_decor_junction,
          chequers_serial_rivers_small_a, minmay_between
D:3:      layout_rooms, st_stairs_8, minivault_4, minmay_misc_feat_chi,
          uniq_natasha
D:4:      layout_basic, kennysheep_generic_room_5
D:5:      layout_gridville, minmay_temple_entry_gardened_gates,
          kennysheep_generic_room_2, uniq_blork_the_orc
D:6:      layout_basic, serial_shops, nicolae_shop_waterfront,
          uniq_prince_ribbit1
D:7:      layout_rooms
D:8:      cheibrodos_fzero, layout_loops_ring, nicolae_qazlal_eye_of_the_storm,
          minmay_puff

Skill      XL: |  1  2  3  4  5  6  7  8  9 |
---------------+----------------------------+-----
Short Blades   | 1 2 |  2.4
Fighting       | 1 2 3 4 5 7 |  7.7
Spellcasting   | 3 4 |  4.0
Fire Magic     | 4 5 6 |  6.4
Conjurations   | 2 3 4 |  4.8
Polearms       | 5 |  5.3
Dodging        | |  1.8
Stealth        | |  1.8

Action                   |  1- 3 |  4- 6 |  7- 9 || total
-------------------------+-------+-------+-------++-------
Melee: Dagger            |   112 |   106 |    76 ||   294
       Tailslap          |    11 |    13 |    15 ||    39
       Unarmed           |       |     2 |       ||     2
       Halberd           |       |       |    39 ||    39
 Cast: Foxfire           |     7 |    38 |   133 ||   178
       Sticky Flame      |       |       |    12 ||    12
  Use: Scroll            |       |     2 |     1 ||     3
       Potion            |       |       |     3 ||     3
 Stab: Sleeping          |     7 |     3 |     1 ||    11
Armor: Skin              |    42 |    32 |    56 ||   130
Dodge: Dodged            |    69 |    78 |    94 ||   241

Table legend: (Time is in decaauts)
 A = Elapsed time spent in this place.
 B = Non-inter-level travel time spent in this place.
 C = Inter-level travel time spent in this place.
 D = Time resting spent in this place.
 E = Time spent auto-exploring this place.
 F = Levels seen in this place.
 G = Mean time per level.
                   A        B        C        D        E       F      G
               +--------+--------+--------+--------+--------+-----+--------+
         Total |   8056 |   7828 |    228 |   1046 |   5529 |   8 | 1007.0 |
       Dungeon |   8056 |   7828 |    228 |   1046 |   5529 |   8 | 1007.0 |
               +--------+--------+--------+--------+--------+-----+--------+

Top non-repeatable levels by time:
     D:6: 1687 daAuts
     D:5: 1364 daAuts
     D:1: 1249 daAuts
     D:4: 1069 daAuts
     D:2: 894 daAuts
     D:3: 862 daAuts
     D:7: 754 daAuts
     D:8: 174 daAuts
